 Dungeon Sprint DCSS version 0.31-a0-986-g5e6e4ef867 (webtiles) character file.

Game seed: 12570662110260473706

3307 sircluck the Grappler (level 9, -14/157 HPs)
             Began as a Troll Berserker on Nov 15, 2023.
             Was a High Priest of Trog.
             Demolished by Agnes
             ... wielding a +0 vampiric lajatang
              (34 damage)
             ... in the Dungeon (Sprint IV: "Fedhas' Mad Dash").
             The game lasted 00:03:15 (810 turns).

sircluck the Grappler (Troll Berserker)              Turns: 810, Time: 00:03:15

Health: -14/157    AC:  4    Str: 31    XL:     9   Next: 70%
Magic:  8/8        EV: 13    Int:  3    God:    Trog [*****.]
Gold:   255        SH:  0    Dex:  9    Spells: 8/8 levels left

rFire   . .          .
                       - Unarmed
rCold   . . .        (no shield)
rNeg    . . .        a - +0 animal skin
rPois   .            (helmet restricted)
rElec   .            (no cloak)
rCorr   .            (gloves unavailable)
SInv    .            (boots unavailable)
Will    .....        h - amulet of invisibility {+Inv} Stlth
                     (no ring)
HPRegen 1.26/turn    (no ring)
MPRegen 0.11/turn

%: no teleportation
@: berserking, very quick
A: large, unfitting armour, claws 3, regeneration 1, shaggy fur 1, tough skin 1
a: Renounce Religion, Evoke Invisibility, Berserk, Trog's Hand, Brothers in Arms


You were in the Dungeon.
You worshipped Trog.
Trog was extremely pleased with you.
You visited 1 branch You collected 255 gold pieces.

Inventory:

Missiles
 c - 6 stones (quivered)
Armour
 a - a +0 animal skin (worn)
Jewellery
 h - the amulet of invisibility (around neck) {+Inv}
   (You found it in the Dungeon)

   [amulet of nothing]

   +Inv:      It lets you turn invisible.
Scrolls
 g - a scroll of blinking
 i - a scroll of immolation {unknown}
Potions
 b - a potion of curing
 d - a potion of haste
 e - 2 potions of magic
 f - a potion of berserk rage


   Skills:
 + Level 11.5 Fighting
 + Level 11.4 Dodging
 + Level 13.4 Unarmed Combat


You had 8 spell levels left.
You didn't know any spells.
Your spell library was empty.

Dungeon Overview and Level Annotations

Branches:
Dungeon (1/1)

Altars:
Cheibriados
Dithmenos
Elyvilon
Gozag
Hepliaklqana
Kikubaaqudgha
Makhleb
Nemelex Xobeh
Okawaru
Qazlal
Ru
Sif Muna
Trog
Uskayaw
Vehumet
Wu Jian
Xom
Yredelemnul
Zin
The Shining One
Jiyva
Lugonu

Shops:
D *!=[

Annotations:
D Agnes


Innate Abilities, Weirdness & Mutations

You are too large for most types of armour.
You have claws for hands.
Your natural rate of healing is unusually fast.
You are covered in fur. (AC +1)
You have tough skin. (AC +1)


Message History

You now have 255 gold pieces (gained 19).
You open the door.
Agnes the Wanderer comes into view.
She is wielding a +0 vampiric lajatang.
Agnes shouts!
Unknown command.
Unknown command.
Your ogre goes berserk!
You swap places.
Your ogre closely misses Agnes.
Agnes barely misses you.
Your ogre completely misses Agnes.
You miss Agnes.
Agnes hits you with a +0 vampiric lajatang!!
Your ogre hits Agnes with a +0 giant club!!
A red film seems to cover your vision as you go berserk!
You feel yourself moving faster!
You feel mighty! Agnes misses you.
Agnes hits you with a +0 vampiric lajatang!!
Agnes draws strength from your wounds!
Your ogre closely misses Agnes.
You miss Agnes.
Agnes is lightly wounded.
Agnes hits you with a +0 vampiric lajatang!!
Agnes draws strength from your wounds!
You barely miss Agnes.
Agnes is lightly wounded.
Agnes says, "I despise a dishonourable opponent."
Agnes hits you with a +0 vampiric lajatang!!!
* * * LOW HITPOINT WARNING * * *
Your ogre misses Agnes. You miss Agnes. Your claw misses Agnes.
Agnes is lightly wounded.
Agnes misses you.
You barely miss Agnes.
Agnes is lightly wounded.
Agnes misses you.
Your ogre misses Agnes. You miss Agnes.
Agnes is lightly wounded.
Agnes barely misses you.
You mangle Agnes!!
Agnes is moderately wounded.
Agnes hits you with a +0 vampiric lajatang!!
You die...
Agnes says, "May you follow the Path of Peace in your next life."

###############################
.#.⌠._._._._.⌠.#..)...#....##∩#
.'.._._._._._..'..#...#....'))#
.#..._._._._...#..###'##..)##∩#
##.._._._._._..#..##∩∩.'...####
.#._._._._._.⌠.#############
.##################
##♣♣♣♣♣..♣T###.'@.+
'......♣).♣##:.#iO#
#♣..♣♣♣.♣..###.##'#
#.♣♣..♣...♣'...#♣.♣
################... ♣..♣ ....
♣.... #####


You could see Agnes (ally target) and a friendly ogre (summoned, berserk).

Vanquished Creatures
  2 oklob plants (D)
  2 burning bushes (D)
  A queen bee (D)
  3 scorpions (D)
  4 killer bees (D)
  2 wandering mushrooms (D)
  4 oklob saplings (D)
  2 spriggans (D)
  A river rat (D)
  A rat (D)
22 creatures vanquished.

Vanquished Creatures (collateral kills)
  A spriggan druid (D)
  An oklob plant (D)
  A burning bush (D)
  A wandering mushroom (D)
  An oklob sapling (D)
5 creatures vanquished.

Vanquished Creatures (others)
  A ballistomycete spore (D)
1 creature vanquished.

Grand Total: 28 creatures vanquished

Notes
Turn   | Place    | Note
-------+----------+-------------------------------------------
     0 | D        | sircluck the Troll Berserker began the quest for the Orb.
     0 | D        | Reached XP level 1. HP: 22/22 MP: 0/0
     9 | D        | Reached XP level 2. HP: 25/31 MP: 1/1
    20 | D        | Noticed an oklob sapling
    24 | D        | Killed an oklob sapling
    24 | D        | Reached ** piety under Trog
    25 | D        | Reached skill level 4 in Unarmed Combat
    25 | D        | Reached XP level 3. HP: 15/39 MP: 2/2
    49 | D        | Noticed a scorpion
    49 | D        | Found the amulet of invisibility {+Inv}
    52 | D        | Killed a scorpion
    53 | D        | Reached skill level 5 in Unarmed Combat
    53 | D        | Reached XP level 4. HP: 42/49 MP: 3/3
    83 | D        | Reached skill level 5 in Fighting
    83 | D        | Reached skill level 5 in Dodging
    83 | D        | Reached skill level 6 in Unarmed Combat
   101 | D        | Found an opulent altar of Gozag.
   101 | D        | Found a hazy altar of Hepliaklqana.
   101 | D        | Found a burning altar of Makhleb.
   101 | D        | Found a sparkling altar of Nemelex Xobeh.
   101 | D        | Found a snail-covered altar of Cheibriados.
   101 | D        | Found a sacrificial altar of Ru.
   101 | D        | Found a shimmering blue altar of Sif Muna.
   101 | D        | Found a shimmering altar of Xom.
   101 | D        | Found a basalt altar of Yredelemnul.
   104 | D        | Found a viscous altar of Jiyva.
   104 | D        | Found a bloodstained altar of Trog.
   104 | D        | Found an ornate altar of the Wu Jian Council.
   105 | D        | Found an iron altar of Okawaru.
   105 | D        | Found a shadowy altar of Dithmenos.
   105 | D        | Found a glowing silver altar of Zin.
   106 | D        | Found a hide-covered altar of Uskayaw.
   106 | D        | Found an ancient bone altar of Kikubaaqudgha.
   107 | D        | Found a stormy altar of Qazlal.
   107 | D        | Found a glowing golden altar of the Shining One.
   107 | D        | Found a white marble altar of Elyvilon.
   108 | D        | Found a radiant altar of Vehumet.
   108 | D        | Found a corrupted altar of Lugonu.
   113 | D        | Reached XP level 5. HP: 59/59 MP: 4/4
   123 | D        | Reached *** piety under Trog
   124 | D        | Reached skill level 7 in Unarmed Combat
   156 | D        | Reached **** piety under Trog
   157 | D        | Reached skill level 8 in Unarmed Combat
   157 | D        | Reached XP level 6. HP: 16/68 MP: 5/5
   214 | D        | Found Casuapsa's Distillery.
   214 | D        | Found Zunlucuc's General Store.
   224 | D        | Noticed a burning bush
   224 | D        | Noticed a wandering mushroom
   225 | D        | Noticed a wandering mushroom
   293 | D        | Killed a wandering mushroom
   294 | D        | Reached skill level 9 in Unarmed Combat
   294 | D        | Reached XP level 7. HP: 79/79 MP: 6/6
   401 | D        | Killed a burning bush
   401 | D        | Reached ***** piety under Trog
   402 | D        | Reached skill level 10 in Unarmed Combat
   407 | D        | Found Amuig's Armour Emporium.
   407 | D        | Found Nups's Jewellery Shoppe.
   410 | D        | Identified the +1 trident of World Downfall {venom, Fragile
                  | rPois rCorr Dex+3}
   451 | D        | Noticed a queen bee
   476 | D        | Killed a queen bee
   477 | D        | Reached XP level 8. HP: 32/92 MP: 7/7
   580 | D        | Noticed an oklob plant
   590 | D        | Killed an oklob plant
   591 | D        | Reached skill level 11 in Unarmed Combat
   642 | D        | Noticed a burning bush
   647 | D        | Killed a burning bush
   648 | D        | Reached skill level 10 in Fighting
   648 | D        | Reached skill level 10 in Dodging
   656 | D        | Noticed a burning bush
   656 | D        | Noticed an oklob plant
   661 | D        | Killed a burning bush
   662 | D        | Reached skill level 12 in Unarmed Combat
   662 | D        | Reached XP level 9. HP: 95/102 MP: 8/8
   666 | D        | Killed an oklob plant
   667 | D        | Identified the +6 quarterstaff of the Shining Light {flame,
                  | rC+} (Trog gifted it to you in the Dungeon)
   667 | D        | Received a gift from Trog
   669 | D        | Noticed a wandering mushroom
   696 | D        | Noticed a spriggan druid
   698 | D        | Killed a spriggan druid
   699 | D        | Reached skill level 13 in Unarmed Combat
   729 | D        | Noticed an oklob plant conjurer
   780 | D        | Killed an oklob plant conjurer
   799 | D        | Noticed Agnes
   810 | D        | Demolished by Agnes

Illustrated notes

Levels and vault maps discovered:
D:        dungeon_sprint_fedhas [sprint_temple]

Skill      XL: |  1  2  3  4  5  6  7  8  9 |
---------------+----------------------------+-----
Fighting       | 3 4 5 6 7 9 10 11 | 11.5
Dodging        | 3 4 5 6 7 9 10 11 | 11.4
Unarmed Combat | 4 5 6 8 9 10 12 13 | 13.4

Action                     |  1- 3 |  4- 6 |  7- 9 || total
---------------------------+-------+-------+-------++-------
  Melee: Unarmed           |    10 |    28 |    45 ||    83
         Punch             |     1 |     2 |     5 ||     8
 Invoke: Brothers in Arms  |       |       |     3 ||     3
         Berserk           |       |       |     1 ||     1
Ability: Evoke Invisibilit |       |     2 |       ||     2
    Use: Potion            |       |       |     1 ||     1
   Stab: Invisible         |       |     1 |       ||     1
 Armour: Animal skin       |     6 |    20 |    35 ||    61
  Dodge: Dodged            |     2 |     9 |    29 ||    40

Table legend: (Time is in decaauts)
 A = Elapsed time spent in this place.
 B = Non-inter-level travel time spent in this place.
 C = Inter-level travel time spent in this place.
 D = Time resting spent in this place.
 E = Time spent auto-exploring this place.
 F = Levels seen in this place.
 G = Mean time per level.
                   A        B        C        D        E       F      G
               +--------+--------+--------+--------+--------+-----+--------+
         Total |    795 |    795 |      0 |    318 |    157 |   1 |  795.0 |
       Dungeon |    795 |    795 |      0 |    318 |    157 |   1 |  795.0 |
               +--------+--------+--------+--------+--------+-----+--------+

Top non-repeatable levels by time:
       D: 795 daAuts
